 Dungeon Crawl Stone Soup version 0.31-a0-222-gefeffbb62a (webtiles) character file.

Game seed: 18235293274670261634

3745 BritishOli the Basher (level 9, -16/74 HPs)
             Began as a Demonspawn Fighter on July 5, 2023.
             Was a Believer of Makhleb.
             Demolished by a two-headed ogre
             ... wielding a +0 giant spiked club
              (25 damage)
             ... on level 8 of the Dungeon.
             The game lasted 00:16:25 (7423 turns).

BritishOli the Basher (Demonspawn Fighter)          Turns: 7423, Time: 00:16:25

Health: -16/74     AC: 16    Str: 20    XL:     9   Next: 93%
Magic:  9/9        EV:  9    Int: 11    God:    Makhleb [**....]
Gold:   364        SH:  0    Dex: 12    Spells: 8/8 levels left

rFire   + + .        o - +7 great mace "Firestarter" {flame, immolate, rFlCloud rF++}
rCold   . . .        (shield currently unavailable)
rNeg    . . .        b - +0 scale mail
rPois   .            (no helmet)
rElec   .            y - scarf {repulsion}
rCorr   .            (no gloves)
SInv    .            (no boots)
Will    .....        (no amulet) Stlth
                     (no ring)
HPRegen 0.32/turn    (no ring)
MPRegen 0.11/turn

%: repel missiles
@: sanguine armoured
A: foul stench 1, powered by death 1, sanguine armour 2
a: Renounce Religion, Minor Destruction


You were on level 8 of the Dungeon.
You worshipped Makhleb.
Makhleb was pleased with you.
You visited 2 branches of the dungeon, and saw 9 of its levels.
You also visited: Ossuary.

You collected 403 gold pieces.
You spent 39 gold pieces at shops.

Inventory:

Hand Weapons
 o - the +7 great mace "Firestarter" (weapon) {flame, immolate, rFlCloud rF++}
   (You found it on level 2 of the Dungeon)

   rFlCloud:  It grants immunity to clouds of flame.
   rF:        It greatly protects you from fire.
Missiles
 l - 2 throwing nets
Armour
 b - a +0 scale mail (worn)
 y - a scarf of repulsion (worn)
Wands
 g - a wand of iceblast (9)
 t - a wand of flame (27)
 w - a wand of mindburst (8)
Scrolls
 c - a scroll of identify
 i - 3 scrolls of enchant armour
 m - 3 scrolls of revelation
 n - 4 scrolls of teleportation
 q - 2 scrolls of immolation
 r - a scroll of amnesia
 v - 2 scrolls of enchant weapon
 B - a scroll of blinking
 C - a scroll of fog {unknown}
Potions
 a - a potion of mutation {unknown}
 d - 3 potions of might
 e - 2 potions of brilliance {unknown}
 f - 4 potions of attraction {unknown}
 h - a potion of cancellation {unknown}
 j - 2 potions of invisibility {unknown}
 k - 2 potions of curing
 p - a potion of resistance {unknown}
 s - a potion of heal wounds {unknown}
 u - 2 potions of lignification {unknown}
 x - a potion of enlightenment {unknown}
 A - a potion of magic {unknown}


   Skills:
 + Level 7.8 Fighting
 - Level 3.0(6.1) Axes
 * Level 8.4(8.7) Maces & Flails
 + Level 7.1 Armour
 - Level 3.6 Shields


You had 8 spell levels left.
You didn't know any spells.
Your spell library contained the following spells:

 Spells                   Type           Power      Damage    Failure   Level
 Ensorcelled Hibernation  Hex/Ice        0%         N/A       80%         2
 Passwall                 Tmut/Erth      0%         N/A       80%         2
 Dazzling Flash           Conj/Hex       0%         N/A       95%         3
 Ozocubu's Armour         Ice            0%         N/A       95%         3
 Swiftness                Air            0%         N/A       95%         3
 Volatile Blastmotes      Fire/Tloc      0%         2d10      95%         3
 Iskenderun's Mystic Bla  Conj/Tloc      0%         2d3       100%        4
 Metabolic Englaciation   Hex/Ice        0%         N/A       100%        5
 Simulacrum               Ice/Necr       0%         N/A       100%        6
 Starburst                Conj/Fire      0%         6d3       100%        6


Dungeon Overview and Level Annotations

Branches:
Dungeon (8/15)             Temple (1/1) D:6         Ossuary (visited)
   Lair: D:8-11

Altars:
Ashenzari
Dithmenos
Fedhas
Hepliaklqana
Kikubaaqudgha
Makhleb
Nemelex Xobeh
Okawaru
Qazlal
Ru
Sif Muna
Trog
Uskayaw
Vehumet
Wu Jian
Xom
Yredelemnul

Shops:
D:1 !


Innate Abilities, Weirdness & Mutations

You may rarely emit foul miasma when damaged in melee.
You regenerate a little health from kills.
When seriously injured, your blood forms thick armour. (AC +9)


Message History

The fiery explosion engulfs the kobold!
You kill the kobold!
Makhleb accepts your kill.
The fiery explosion engulfs the kobold!!!
You kill the kobold!
Makhleb accepts your kill.
You hear two shouts!
Items here: )) [[ ÷.
Things that are here:
a +0 club; an orc skeleton You start resting.
Your blood armour dries and flakes away.
You start resting.
HP restored.
Things that are here:
a +0 club; an orc skeleton
Items here: )) [[ ÷.
A two-headed ogre comes into view.
It is wielding a +0 giant spiked club and a +0 giant club.
The two-headed ogre shouts in stereo!
You thump the two-headed ogre! You burn the two-headed ogre.
The two-headed ogre is filled with an inner flame.
The two-headed ogre is lightly wounded.
The two-headed ogre barely misses you. x2
You barely miss the two-headed ogre.
The two-headed ogre is lightly wounded.
The two-headed ogre hits you with a +0 giant spiked club!
The two-headed ogre hits you with a +0 giant club!!
Your blood congeals into armour.
Unknown command.
You hit the two-headed ogre.
Flame seeps out of the two-headed ogre.
You burn the two-headed ogre.
Flame seeps out of the two-headed ogre.
The two-headed ogre is moderately wounded.
The two-headed ogre is engulfed in blazing flames.
Flame seeps out of the two-headed ogre.
The two-headed ogre barely misses you.
The two-headed ogre hits you with a +0 giant club!
The two-headed ogre attacks as you move away!
The two-headed ogre hits you with a +0 giant spiked club!
* * * LOW HITPOINT WARNING * * *
The two-headed ogre hits you with a +0 giant club!!
You die...

.##########.##....))..#.#........
.##########.###....##.#.#.######.
,,,,* #.###....##.#.#.# *, ,**,*
#.............#.# *, ,**^*
####........###.#### *, ,*#,*
#...#######.....# ** **#.####
#...########.##.# ## ,,,.,..#
#.........#####.# #.
***#.#.#######..@#####.# #.# #.
####.#.#.........O.....# ##.###)
.....†.†...............# #.....)
#.##.#.#...............####..###.
#.##.#.#######...####..##....# #.
.......#######..............## #.
#.#.##.#.[.......########.### ##
#.#.##.#(#####...# #.#
#......#.#####...# #.#


You could see a two-headed ogre (inner flame).

Vanquished Creatures
  Pikel (D:7)
  Sigmund (D:2)
  5 yaks (D:8)
  Edmund (D:4)
  An acid dragon (D:8)
  2 water moccasins (D:8)
  2 ice beasts (D:7)
  2 lemures (D:7)
  2 centaurs
  2 kobold brigands (D:8)
  5 bullfrogs
  A scorpion (D:5)
  3 water moccasin zombies (Ossuary)
  A howler monkey (Temple)
  An electric eel (D:7)
  4 orc priests
  4 hounds
  3 jellies
  A gnoll bouda (D:6)
  2 sleepcaps
  4 orc wizards
  2 iguanas
  2 mummies (Ossuary)
  6 gnolls
  6 adders
  2 shadow imps (D:7)
  A white imp (D:6)
  4 ufetubi
  4 adder zombies (Ossuary)
  2 worms
  2 dart slugs
  25 orcs
  7 ball pythons
  An endoplasm (D:1)
  2 giant cockroaches (D:1)
  6 goblins
  6 hobgoblins
  8 jackals
  A quokka (D:4)
  5 bats
  2 frilled lizards
  2 gnoll zombies (Ossuary)
  6 hobgoblin zombies (Ossuary)
  14 kobolds
  9 kobold zombies (Ossuary)
  8 orc zombies (Ossuary)
  6 rats
187 creatures vanquished.

Notes
Turn   | Place    | Note
-------+----------+-------------------------------------------
     0 | D:1      | BritishOli the Demonspawn Fighter began the quest for the
                  | Orb.
     0 | D:1      | Reached XP level 1. HP: 18/18 MP: 1/1
    68 | D:1      | Gained mutation: When seriously injured, your blood forms
                  | armour. (AC +9) [demonic ancestry]
    68 | D:1      | Reached XP level 2. HP: 24/24 MP: 2/2
   669 | D:1      | Gained mutation: You may rarely emit foul miasma when
                  | damaged in melee. [demonic ancestry]
   669 | D:1      | Reached XP level 3. HP: 28/29 MP: 3/3
   734 | D:1      | Found Ycea's Distillery.
   743 | D:1      | Bought a potion of curing for 39 gold pieces
   784 | D:2      | Found a hide-covered altar of Uskayaw.
   912 | D:2      | Found a faded altar of an unknown god.
   954 | D:2      | Noticed Sigmund
   968 | D:2      | Killed Sigmund
   969 | D:2      | Reached XP level 4. HP: 15/37 MP: 4/4
   969 | D:2      | Reached XP level 5. HP: 17/42 MP: 5/5
  1137 | D:2      | Found the +7 great mace "Firestarter" {flame, immolate,
                  | rFlCloud rF++}
  2104 | D:4      | Gained mutation: When seriously injured, your blood forms
                  | thick armour. (AC +9) [demonic ancestry]
  2104 | D:4      | Reached XP level 6. HP: 48/48 MP: 6/6
  2112 | D:4      | Reached skill level 1 in Maces & Flails
  2562 | D:4      | Noticed Edmund
  2569 | D:4      | Killed Edmund
  2570 | D:4      | Reached skill level 2 in Maces & Flails
  2958 | D:5      | Entered Level 5 of the Dungeon
  3204 | D:5      | Gained mutation: You regenerate a little health from kills.
                  | [demonic ancestry]
  3204 | D:5      | Reached XP level 7. HP: 33/55 MP: 7/7
  3427 | D:5      | Reached skill level 3 in Maces & Flails
  3437 | D:5      | Reached skill level 5 in Fighting
  3704 | D:5      | Found a shadowy altar of Dithmenos.
  4155 | D:6      | Found a staircase to the Ecumenical Temple.
  4166 | Temple   | Entered the Ecumenical Temple
  4168 | Temple   | Reached skill level 4 in Maces & Flails
  4320 | Temple   | Became a worshipper of Makhleb the Destroyer
  4364 | D:6      | Found a hide-covered altar of Uskayaw.
  4681 | D:6      | Reached skill level 5 in Armour
  4748 | D:6      | Found a radiant altar of Vehumet.
  4759 | D:6      | Reached XP level 8. HP: 44/63 MP: 8/8
  5246 | D:7      | Reached skill level 5 in Maces & Flails
  5313 | D:7      | Noticed Pikel
  5350 | D:7      | Killed Pikel
  5351 | D:7      | Reached skill level 6 in Maces & Flails
  6524 | D:8      | Reached XP level 9. HP: 36/71 MP: 9/9
  6593 | D:8      | Reached skill level 7 in Maces & Flails
  6624 | D:8      | Reached * piety under Makhleb
  6650 | D:8      | Found a sand-covered staircase.
  6656 | Ossuary  | Entered an ossuary
  6815 | Ossuary  | Reached ** piety under Makhleb
  6937 | D:8      | Reached skill level 8 in Maces & Flails
  7418 | D:8      | Noticed a two-headed ogre
  7423 | D:8      | Demolished by a two-headed ogre

Illustrated notes

Levels and vault maps discovered:
D:1:      sevenhm_arrival_forest_fort_small_1, layout_basic, serial_forest,
          infiniplex_forest_3_way, infiniplex_forest_end_2,
          infiniplex_forest_lined_room_2, infiniplex_forest_lined_corner,
          infiniplex_forest_clump_small, serial_shops,
          nicolae_shop_hallway_stairs
D:2:      layout_rooms, ebering_ecumenical_altar_webs, basic_altar,
          minmay_misc_feat_room, corexii_leaking_fountain, uniq_sigmund
D:3:      layout_loops_ring, eino_tiny_chamber
D:4:      mumra_celtic_spiral_tile, layout_rooms, kennysheep_cross_room,
          uniq_edmund
D:5:      layout_basic, nicolae_dithmenos_shadow_blocks
D:6:      layout_basic, nicolae_uskayaw_dance_hall, vehumet_altar_wand_db,
          minmay_temple_entry_glass
D:7:      statuecave_lemuel, layout_basic, tso_oasis_becter, uniq_pikel
D:8:      layout_loops_cross, nicolae_gozag_seed_capital,
          nicolae_ossuary_entry_plus
Temple:   eino_temple_scatter_basement

Skill      XL: |  1  2  3  4  5  6  7  8  9 |
---------------+----------------------------+-----
Axes           | 2 3 |  3.0
Armour         | 3 4 5 6 7 |  7.1
Shields        | 3 |  3.6
Fighting       | 4 5 6 7 |  7.8
Maces & Flails | 2 4 6 8 |  8.4

Action                     |  1- 3 |  4- 6 |  7- 9 || total
---------------------------+-------+-------+-------++-------
  Melee: War axe           |    98 |     1 |       ||    99
         Great mace        |       |    74 |   201 ||   275
  Evoke: Wand              |       |       |     1 ||     1
    Use: Potion            |       |     1 |     2 ||     3
         Scroll            |       |       |    10 ||    10
   Stab: Distracted        |       |       |     1 ||     1
 Armour: Scale mail        |    73 |    50 |   115 ||   238
  Dodge: Dodged            |    42 |    59 |   130 ||   231
         Repelled          |       |       |     1 ||     1
  Block: Buckler           |    23 |       |       ||    23

Table legend: (Time is in decaauts)
 A = Elapsed time spent in this place.
 B = Non-inter-level travel time spent in this place.
 C = Inter-level travel time spent in this place.
 D = Time resting spent in this place.
 E = Time spent auto-exploring this place.
 F = Levels seen in this place.
 G = Mean time per level.
                   A        B        C        D        E       F      G
               +--------+--------+--------+--------+--------+-----+--------+
         Total |   7589 |   7376 |    213 |    613 |   5456 |  10 |  758.9 |
       Dungeon |   7172 |   6989 |    183 |    520 |   5252 |   8 |  896.5 |
        Temple |    173 |    143 |     30 |      0 |    125 |   1 |  173.0 |
       Ossuary |    243 |    243 |      0 |     93 |     79 |   1 |  243.0 |
               +--------+--------+--------+--------+--------+-----+--------+

Top non-repeatable levels by time:
     D:7: 1359 daAuts
     D:5: 1084 daAuts
     D:6: 1010 daAuts
     D:4: 878 daAuts
     D:3: 831 daAuts
     D:1: 817 daAuts
     D:8: 678 daAuts
     D:2: 511 daAuts
 Ossuary: 243 daAuts
  Temple: 173 daAuts
